 Dungeon Crawl Stone Soup version 0.27-a0-1191-g601b473118 (webtiles) character file.

Game seed: 3108380730067683432

99 polve the Slasher (level 4, -1/33 HPs)
             Began as a Demonspawn Gladiator on May 23, 2021.
             Slain by Crazy Yiuf
             ... wielding a +3 quarterstaff of chaos
              (6 damage)
             ... on level 2 of the Dungeon.
             The game lasted 00:01:07 (2269 turns).

polve the Slasher (Demonspawn Gladiator)            Turns: 2269, Time: 00:01:07

Health: -1/33      AC:  8    Str: 16    XL:     4   Next: 45%
Magic:  4/4        EV: 11    Int:  9    God:
Gold:   72         SH:  0    Dex: 14    Spells: 3/3 levels left

rFire    . . .     SeeInvis .   a - +0 long sword
rCold    . . .     Faith    .   (no shield)
rNeg     . . .     Spirit   .   m - +0 ring mail
rPois    .         Reflect  .   c - +0 helmet
rElec    .         Harm     .   (no cloak)
rCorr    .         Rampage  .   (no gloves)
Will     .....                  g - +0 pair of boots
Stlth    +.........             (no amulet)
HPRegen  0.11/turn              (no ring)
MPRegen  0.09/turn              (no ring)

@: no status effects
A: hooves 1, sharp scales 1
a: no special abilities


You were on level 2 of the Dungeon.
You visited 1 branch of the dungeon, and saw 2 of its levels.

You collected 72 gold pieces.

Inventory:

Hand Weapons
 a - a +0 long sword (weapon)
Missiles
 d - 3 throwing nets (quivered)
 e - 2 curare-tipped darts
Armour
 b - a +0 leather armour
 c - a +0 helmet (worn)
 g - a +0 pair of boots (worn)
 m - a +0 ring mail (worn)
Scrolls
 f - 3 scrolls of identify {unknown}
 h - 3 scrolls of teleportation {unknown}
 i - a scroll of noise {unknown}
 j - 2 scrolls of acquirement {unknown}
Potions
 k - a potion of heal wounds


   Skills:
 - Level 2.0 Fighting
 - Level 4.8 Long Blades
 - Level 1.7 Throwing
 + Level 0.0 Armour
 - Level 2.6 Dodging


You had 3 spell levels left.
You didn't know any spells.
Your spell library was empty.

Dungeon Overview and Level Annotations

Branches:
Dungeon (2/15)

Altars:

Annotations:
D:2 Crazy Yiuf


Innate Abilities, Weirdness & Mutations

You have large cloven feet.
You are partially covered in razor-sharp scales. (AC +1, Slay +1)


Message History

No target in view!
No target in view!
No target in view!
No target in view!
No target in view!
No target in view!
No target in view!
You see here a +0 ring mail.
You start removing your armour.
You continue taking off your +0 leather armour. x4
You finish taking off your +0 leather armour.
You start putting on your armour.
You continue putting on your +0 ring mail. x5
You finish putting on your +0 ring mail.
You see here a +0 club.
There is an open door here.
Crazy Yiuf shouts!
Crazy Yiuf laughs, "Mugger hog unthinkable!"
Could not explore, unopened runed door.
Could not explore, unopened runed door.
Could not explore, unopened runed door.
No reachable target in view!
It was a potion of curing.
You feel better.
You open the door. You hit Crazy Yiuf.
Crazy Yiuf is lightly wounded.
Crazy Yiuf says, "Scoff hand testudinal!"
Crazy Yiuf hits you with a +3 quarterstaff of chaos!
You hit Crazy Yiuf but do no damage.
Crazy Yiuf is lightly wounded.
Crazy Yiuf misses you.
You slash Crazy Yiuf!
Crazy Yiuf is heavily wounded.
Crazy Yiuf hits you with a +3 quarterstaff of chaos!
Crazy Yiuf freezes you.
Crazy Yiuf waves his quarterstaff at you.
Crazy Yiuf hits you with a +3 quarterstaff of chaos!
* * * LOW HITPOINT WARNING * * *
You convulse.
You die...

#.#.########..#####..#
#...... #.#.#####
#....# #..# #......
#.#.#...# #....# #..#
#...... ####'#.#.###
#...## #..# #.#####
.......#.#.# ##.##
#.## #......
.......#...# #.##
######......
.......#..<# ##.#
#....'......
.......#...# #.##
######......
.......#...# ##@#
#..(... .......###.#
#g# #......
...........# ...
#...... ####'#######
#...# #######
#.......# #..)#
#######.# #####
#######'# #.......###
#.........#


You could see Crazy Yiuf.

Vanquished Creatures
  6 adders (D:2)
  3 worms (D:2)
  2 dart slugs (D:2)
  4 ball pythons
  2 bats
  3 endoplasms (D:2)
  2 giant cockroaches
  3 goblins (D:2)
  2 hobgoblins (D:2)
  3 kobolds (D:1)
  A quokka (D:2)
  A rat (D:2)
32 creatures vanquished.

Notes
Turn   | Place    | Note
-------+----------+-------------------------------------------
     0 | D:1      | polve the Demonspawn Gladiator began the quest for the Orb.
     0 | D:1      | Reached XP level 1. HP: 16/16 MP: 1/1
    94 | D:1      | Reached skill level 3 in Long Blades
   329 | D:1      | Gained mutation: You have large cloven feet. [demonic
                  | ancestry]
   329 | D:1      | Reached XP level 2. HP: 22/22 MP: 2/2
  1008 | D:2      | HP: 1/22 [poisoned by an adder]
  1179 | D:2      | Gained mutation: You are partially covered in razor-sharp
                  | scales. (AC +1, Slay +1) [demonic ancestry]
  1179 | D:2      | Reached XP level 3. HP: 27/27 MP: 3/3
  1192 | D:2      | Reached skill level 4 in Long Blades
  1419 | D:2      | Reached XP level 4. HP: 31/33 MP: 4/4
  1485 | D:2      | Found a faded altar of an unknown god.
  1997 | D:2      | Found a runed translucent door.
  1998 | D:2      | Noticed Crazy Yiuf
  2269 | D:2      | Slain by Crazy Yiuf

Illustrated notes

Levels and vault maps discovered:
D:1:      mrwooster_arrival_statue, layout_basic
D:2:      layout_basic, ebering_ecumenical_altar_rust, uniq_crazy_yiuf_cottage

Skill      XL: |  1  2  3 |
---------------+----------+-----
Long Blades    | 3 4 |  4.8
Fighting       | |  2.0
Throwing       | |  1.7
Dodging        | |  2.6

Action                   |  1- 3 |  4- 6 || total
-------------------------+-------+-------++-------
Melee: Long sword        |    64 |    29 ||    93
       Kick              |    12 |     6 ||    18
  Use: Potion            |     1 |     1 ||     2
Armor: Leather armour    |    18 |     4 ||    22
Dodge: Dodged            |    50 |     8 ||    58
       Rpst.: Long sword |    14 |     2 ||    16

Table legend: (Time is in decaauts)
 A = Elapsed time spent in this place.
 B = Non-inter-level travel time spent in this place.
 C = Inter-level travel time spent in this place.
 D = Time resting spent in this place.
 E = Time spent auto-exploring this place.
 F = Levels seen in this place.
 G = Mean time per level.
                   A        B        C        D        E       F      G
               +--------+--------+--------+--------+--------+-----+--------+
         Total |   2287 |   2236 |     51 |      0 |   1989 |   2 | 1143.5 |
       Dungeon |   2287 |   2236 |     51 |      0 |   1989 |   2 | 1143.5 |
               +--------+--------+--------+--------+--------+-----+--------+

Top non-repeatable levels by time:
     D:2: 1376 daAuts
     D:1: 911 daAuts
